 Dungeon Crawl Stone Soup version 0.19-a0-47-g1fa3c7d (webtiles) character file.

406016 Eucla the Slayer (level 22, 0/232 HPs)
             Began as a Deep Dwarf Fighter on May 6, 2016.
             Was the Champion of Makhleb.
             Killed from afar by a fire dragon (48 damage)
             ... with a blast of flame
             ... on level 4 of the Depths.
             The game lasted 01:10:37 (34905 turns).

Eucla the Slayer (Deep Dwarf Fighter)              Turns: 34905, Time: 01:10:37

Health: 0/232      AC: 33    Str: 27    XL:     22   Next: 37%
Magic:  34/34      EV: 10    Int:  8    God:    Makhleb [******]
Gold:   3338       SH: 25    Dex: 24    Spells: 0 memorised, 21 levels left

rFire  . . .     SeeInvis .     M - +10 war axe of Action {chop, +Blink rC+ MR++ Int-3}
rCold  + + +     Gourm    .     O - +2 plate armour {rC+}
rNeg   + . .     Faith    .     E - +1 shield {reflect}
rPois  .         Spirit   .     X - +2 hat {rC+}
rElec  +         Dismiss  .     W - +1 cloak
rCorr  .         Reflect  +     s - +2 pair of gloves
SustAt .         Harm     .     x - +1 pair of boots
MR     +++++                    B - brooch of Shielding {Reflect SH+8}
Stlth  ..........               l - +5 ring of strength
                                g - +6 ring of dexterity

@: flayed, non-regenerating, almost entirely resistant to hostile enchantments,
extremely unstealthy
A: damage resistance, recharge devices, hooves 1, horns 1, repulsion field 1,
negative energy resistance 1, sense surroundings 3, electricity resistance, slow
regeneration 3
a: Device Recharging, Minor Destruction, Lesser Servant of Makhleb, Major
Destruction, Greater Servant of Makhleb, Renounce Religion, Evoke Blink
}: 2/15 runes: barnacled, gossamer


You were on level 4 of the Depths.
You worshipped Makhleb.
Makhleb was exalted by your worship.
You were full.

You visited 8 branches of the dungeon, and saw 42 of its levels.
You also visited: Labyrinth and Ice Cave.

You collected 4905 gold pieces.
You spent 1567 gold pieces at shops.

Inventory:

Hand Weapons
 d - a +9 broad axe
 o - the +8 battleaxe of Abytut {holy, rPois}
   (You found it on level 1 of the Spider Nest)

   It has been blessed by the Shining One to cause great damage to the undead
   and demons.
   It protects you from poison.
 t - a +8 vampiric war axe
 M - the +10 war axe of Action (weapon) {chop, +Blink rC+ MR++ Int-3}
   (You found it on level 7 of the Dungeon)

   It inflicts extra damage upon your enemies.
   It affects your intelligence (-3).
   It protects you from cold.
   It affects your resistance to hostile enchantments.
   It lets you blink.
Armour
 s - a +2 pair of gloves (worn)
 x - a +1 pair of boots (worn)
 E - a +1 shield of reflection (worn)
 O - a +2 plate armour of cold resistance (worn)
 W - a +1 cloak (worn)
 X - a +2 hat of cold resistance (worn)
Jewellery
 g - a +6 ring of dexterity (left hand)
 l - a +5 ring of strength (right hand)
 B - the brooch of Shielding (around neck) {Reflect SH+8}
   (You found it on level 13 of the Dungeon)

   [amulet of reflection]

   It shields you and reflects attacks.
   It affects your SH (+8).
 C - a +3 amulet of reflection {unknown}
Wands
 c - a wand of digging (14/24)
 e - a wand of heal wounds (0/9)
 v - a wand of teleportation (3/9)
 w - a wand of heal wounds (1/9)
 D - a wand of digging (12/24)
 G - a wand of disintegration (7/24)
Scrolls
 k - 8 scrolls of teleportation
 n - a scroll of fear
 r - a scroll of brand weapon
 y - 5 scrolls of recharging
 H - 9 scrolls of magic mapping
 L - 2 scrolls of enchant armour
 P - 8 scrolls of amnesia
 R - 12 scrolls of remove curse
 Y - 5 scrolls of fog
Potions
 a - 2 potions of cure mutation
 h - 3 potions of heal wounds
 p - 8 potions of agility
 q - 3 potions of magic
 u - 13 potions of brilliance
 A - a potion of berserk rage
 I - 3 potions of flight
 J - 3 potions of haste
 K - 11 potions of curing
 N - 5 potions of might
 Q - 7 potions of ambrosia
 U - a potion of invisibility
 V - a potion of cancellation
 Z - 2 potions of resistance
Miscellaneous
 b - a disc of storms
Comestibles
 f - 20 bread rations
 z - 25 meat rations
 F - 2 chunks of flesh


   Skills:
 + Level 21.5 Fighting
 - Level 16.0 Axes
 + Level 20.8 Armour
 - Level 15.0 Shields
 + Level 20.9 Invocations


You had 21 spell levels left.
You didn't know any spells.

Dungeon Overview and Level Annotations

Branches:
Dungeon (15/15)            Temple (1/1) D:6            Lair (8/8) D:10
 Shoals (4/4) Lair:5       Spider (4/4) Lair:6        Slime (0/6) Lair:8
    Orc (2/2) D:12            Elf (0/3) Orc:2        Vaults (4/5) D:13
  Crypt (0/3) Vaults:3     Depths (4/5) D:15

Altars:
Ashenzari
Cheibriados
Dithmenos
Elyvilon
Fedhas
Gozag
Makhleb
Nemelex Xobeh
Okawaru
Pakellas
Qazlal
Ru
Sif Muna
Vehumet
Xom
Yredelemnul
Zin
The Shining One
Beogh

Shops:
D:4 !   D:8 !}*}   Orc:1 (   Orc:2 %%([   Vaults:4 :   Depths:1 *

Portals:
Hell: Depths:1 Depths:2 Depths:3
Pandemonium: Depths:3
Trove: Vaults:2 (show abyssal rune of Zot)

Annotations:
Lair:7 1 exclusion


Innate Abilities, Weirdness & Mutations

You are resistant to damage.
You can recharge devices by infusing magical energy.
You resist negative energy.
You passively map a large area around you.
You do not regenerate naturally.
You have large cloven feet.
You have a pair of small horns on your head.
You are surrounded by a mild repulsion field (EV +2).
You are resistant to electric shocks.


Message History

You slash the slime creature!
The slime creature is severely wounded.
You block the slime creature's attack.
The flayed ghost hits you but does no damage.
Unknown command.
You slice the flayed ghost!!
The flayed ghost is heavily damaged.
You slice the slime creature!!
You kill the slime creature!
Makhleb accepts your kill.
You feel better.
The flayed ghost cries, "Feel what I felt!"
You slash the flayed ghost!
You headbutt the flayed ghost, but do no damage.
The flayed ghost is almost destroyed.
You slice the fire dragon!!
The fire dragon is moderately wounded.
The fire dragon breathes flames at you. The blast of flame hits you!
You die...

#....###########...
#....'......)..'...
#....#.........#...
#....###########.).
##'### ###= #..# #..
#..# #.. #..# #..
#@## #.( #WD# #.(
*#C%.. #.. ?..!..#
#.. .....$.# #..
.........#* ##''
.......... ####...
*#........#####......
* , * *,..##.....


You could see a fire dragon, a stone giant and a flayed ghost.

Vanquished Creatures
  Mennas (Depths:3)
  The ghost of edsrzf the Axe Maniac, a veteran HOBe of Trog (Depths:2)
  Nikola (Shoals:3)
  A golden dragon (Depths:4)
  The ghost of Shasbat the Sorcerer, a veteran SpCj of Vehumet (Depths:2)
  Jorgrun (Spider:2)
  An iron giant (Depths:3)
  3 liches
  2 sphinxes
  Gastronok (Lair:1)
  3 storm dragons
  Agnes (Spider:2)
  2 tengu reavers
  A daeva (Depths:1)
  Ilsuiw (Shoals:4)
  Wiglaf (Vaults:1)
  Donald (Shoals:3)
  8 frost giants
  6 fire giants
  3 ghost moths (Spider:4)
  An orc warlord (Orc:2)
  A deep elf sorcerer (Vaults:4)
  Louise (Spider:4)
  6 emperor scorpions (Spider:4)
  7 vault wardens
  Maud (Lair:5)
  A spriggan defender (Depths:3)
  10 ironheart preservers
  13 stone giants
  A caustic shrike zombie (Depths:2)
  3 ghouls (Depths:2)
  A juggernaut skeleton (Depths:2)
  18 very ugly things
  A salamander stormcaller (D:15)
  3 vampire knights
  Nessos (D:15)
  5 spark wasps
  Snorg (Orc:2)
  A minotaur (Lab)
  23 ettins
  4 merfolk javelineers (Shoals:4)
  12 vault guards
  A deep elf death mage (Vaults:1)
  6 merfolk impalers
  3 fire dragons
  7 entropy weavers
  9 great orbs of eyes
  7 ice dragons
  8 yaktaur captains
  5 rakshasas
  A quicksilver dragon skeleton (Depths:2)
  The ghost of edsrzf the Carver, a journeyman FoBe of Trog (D:14)
  4 hydras
  Erolcha (D:13)
  3 death knights
  2 spriggan air magi
  14 ogre magi
  5 centaur warriors
  3 catoblepae
  Erica (Lair:1)
  3 alligator snapping turtles
  3 merfolk aquamancers
  5 merfolk avatars
  2 dancing weapons (D:13)
  An orc high priest (Orc:2)
  The ghost of Cuckatoo the Destroyer, a novice DgWz (D:11)
  9 deep troll shamans
  9 deep troll earth magi
  5 tengu warriors
  8 death yaks
  A spriggan berserker (Depths:4)
  3 vampire magi
  A soul eater (Depths:3)
  Sonja (D:12)
  2 deep elf knights (Vaults:4)
  5 iron trolls
  A fire crab (Lair:8)
  A storm dragon skeleton (Depths:2)
  A fire crab (shapeshifter) (Vaults:1)
  A spark wasp zombie (Depths:2)
  4 shadow wraiths
  A salamander mystic (Depths:3)
  A golden dragon zombie (Depths:2)
  3 flayed ghosts
  32 deep trolls
  5 giant orange brains
  10 sea snakes
  7 deep elf archers
  4 unseen horrors
  6 hill giants
  A shadow dragon zombie (Depths:2)
  A golden dragon skeleton (Depths:2)
  8 orc knights
  2 phantasmal warriors
  12 ironbrand convokers
  Pikel (D:7)
  15 deep elf magi
  5 necromancers
  33 ugly things
  25 wolf spiders
  7 orc sorcerers
  15 griffons
  An iron dragon zombie (Depths:2)
  2 wizards
  12 manticores
  18 orb spiders
  A tengu skeleton (Depths:2)
  3 fauns (Shoals:3)
  4 harpies (Shoals:4)
  8 cyclopes
  4 hornets
  5 salamanders
  2 fire giant zombies (Depths:2)
  A moth of wrath (Spider:4)
  Maurice (D:9)
  7 sirens
  3 black mambas
  An elephant (shapeshifter) (D:13)
  A stone giant skeleton (Depths:2)
  9 water nymphs
  Joseph (D:8)
  16 vault sentinels
  2 naga magi (D:15)
  22 elephants
  A titan simulacrum (Depths:1)
  A torpor snail (Spider:3)
  2 gargoyles
  An ice statue (IceCv)
  A kobold demonologist (D:12)
  18 freezing wraiths
  17 spiny frogs
  30 yaktaurs
  7 komodo dragons
  A hellwing (Depths:3)
  A tengu conjurer (D:15)
  4 rime drakes
  The ghost of Eucla the Ruffian, an amateur TrMo (D:4)
  A red devil (Depths:3)
  11 demonic crawlers
  28 merfolk
  7 trolls
  A jumping spider (shapeshifter) (Vaults:4)
  A polar bear (shapeshifter) (Depths:2)
  2 spriggan druids (Lair:8)
  23 jumping spiders
  10 polar bears
  4 wind drakes
  20 two-headed ogres
  2 elf zombies
  28 slime creatures
  A raiju (shapeshifter) (Vaults:2)
  A snapping turtle (shapeshifter) (Vaults:3)
  9 blink frogs (Lair:7)
  2 frost giant simulacra (Depths:1)
  8 snapping turtles
  6 spriggan zombies
  5 boulder beetles
  2 air elementals (Depths:3)
  A shadow (D:14)
  62 redbacks
  2 flying skulls (Depths:2)
  9 water elementals
  13 spriggans
  6 wraiths
  2 spriggan skeletons (Depths:2)
  2 wyverns
  48 yaks
  A spriggan (shapeshifter) (Vaults:1)
  23 tarantellas
  A yak (shapeshifter) (Vaults:2)
  5 basilisks
  2 large abominations (Depths:2)
  13 hippogriffs
  A human (D:7)
  2 hogs (D:7)
  4 hungry ghosts
  An elf skeleton (Depths:2)
  10 vampire mosquitoes
  7 wargs
  15 water moccasins
  7 porcupines
  A giant eyeball (shapeshifter) (Depths:1)
  An eye of draining (D:13)
  34 orc warriors
  3 sky beasts
  15 ice beasts
  2 slaves (D:7)
  A black bear (shapeshifter) (Vaults:4)
  5 wasps
  7 black bears
  A phantom (D:9)
  A necrophage (D:11)
  57 ogres
  29 wolves
  5 boggarts
  13 centaurs
  9 crocodiles
  3 big kobolds
  20 giant frogs
  A gnoll sergeant (D:6)
  A wyvern skeleton (D:12)
  4 scorpions
  24 killer bees
  10 wights
  5 electric eels
  3 howler monkeys
  9 crimson imps
  A wasp zombie (D:8)
  2 giant frog zombies
  4 draconian simulacra (IceCv)
  A quasit (D:11)
  6 centaur zombies
  4 jellies
  24 orc priests
  8 hounds
  2 giant frog skeletons
  7 centaur skeletons
  48 orc wizards
  15 iguanas
  4 worker ants
  7 troll simulacra (IceCv)
  A spriggan simulacrum (IceCv)
  17 sheep
  4 wolf simulacra (IceCv)
  2 centaur simulacra
  2 hound zombies
  2 howler monkey zombies
  A worker ant zombie (D:10)
  13 adders
  8 gnolls
  2 ogre simulacra (IceCv)
  48 river rats
  5 naga simulacra (IceCv)
  2 shadow imps
  12 white imps (IceCv)
  2 adder zombies
  5 adder skeletons
  3 dart slugs
  3 worms
  5 giant geckos
  90 orcs
  5 giant cockroaches
  6 goblins
  9 hobgoblins
  9 jackals
  2 quokkas
  A ball python (D:3)
  A ball python skeleton (D:4)
  6 bats
  A giant gecko skeleton (D:4)
  A giant gecko zombie (D:5)
  4 giant newts
  A jackal zombie (D:8)
  15 kobolds
  A quokka zombie (D:5)
  9 rats
  13 fungi
  6 plants
1829 creatures vanquished.

Vanquished Creatures (collateral kills)
  A golden dragon skeleton (Depths:2)
  A stone giant zombie (Depths:2)
  A centaur zombie (D:12)
3 creatures vanquished.

Vanquished Creatures (others)
  An ironheart preserver (Vaults:4)
  4 merfolk javelineers (Shoals:4)
  A fire dragon (Vaults:1)
  2 yaktaur captains
  A centaur warrior (Vaults:2)
  A satyr (Shoals:3)
  A deep elf knight (Vaults:4)
  4 deep elf archers
  A deep elf mage (Vaults:4)
  A salamander (D:15)
  A vault sentinel (Vaults:1)
  10 yaktaurs
  A jumping spider (Spider:4)
  A tarantella (shapeshifter) (Vaults:2)
  3 ogres
  A centaur (Shoals:1)
  A crocodile (D:15)
  An iguana (D:7)
  3 sheep (Lair:3)
  An orc (Orc:1)
  A fire vortex (D:15)
  60 fungi
  27 plants
128 creatures vanquished.

Grand Total: 1960 creatures vanquished

Notes
Turn   | Place    | Note
--------------------------------------------------------------
     0 | D:1      | Eucla the Deep Dwarf Fighter began the quest for the Orb.
     0 | D:1      | Reached XP level 1. HP: 20/20 MP: 1/1
   168 | D:1      | Reached XP level 2. HP: 27/27 MP: 2/2
   731 | D:2      | Reached XP level 3. HP: 22/33 MP: 3/3
   897 | D:2      | Reached skill level 3 in Fighting
  1504 | D:3      | Reached XP level 4. HP: 21/42 MP: 4/4
  1675 | D:3      | Found a shimmering altar of Xom.
  1797 | D:3      | Found a white marble altar of Elyvilon.
  1937 | D:3      | Reached skill level 5 in Axes
  1937 | D:3      | Reached XP level 5. HP: 38/49 MP: 5/5
  2446 | D:4      | You fall through a shaft for 2 floors!
  2454 | D:6      | Noticed a black bear
  2461 | D:6      | Reached skill level 4 in Fighting
  2461 | D:6      | Reached XP level 6. HP: 29/57 MP: 6/6
  2974 | D:6      | Reached XP level 7. HP: 65/66 MP: 7/7
  2991 | D:6      | Found a staircase to the Ecumenical Temple.
  3052 | Temple   | Entered the Ecumenical Temple
  3096 | Temple   | Became a worshipper of Makhleb the Destroyer
  3416 | D:6      | Reached skill level 5 in Fighting
  3422 | D:6      | Gained mutation: You have a pair of small horns on your head. [mutagenic meat]
  3424 | D:6      | Gained mutation: You have large cloven feet. [mutagenic meat]
  3425 | D:6      | Gained mutation: You are resistant to electric shocks. [mutagenic meat]
  3473 | D:5      | Entered Level 5 of the Dungeon
  3651 | D:5      | Reached XP level 8. HP: 34/75 MP: 7/7
  3822 | D:5      | Reached * piety under Makhleb
  3847 | D:5      | Found a glowing silver altar of Zin.
  4070 | D:5      | Reached skill level 6 in Fighting
  4548 | D:5      | Found a stormy altar of Qazlal.
  4640 | D:4      | Reached skill level 10 in Axes
  4646 | D:4      | Reached ** piety under Makhleb
  4783 | D:4      | Noticed Eucla's ghost (amateur TrMo)
  4798 | D:4      | Killed Eucla's ghost
  4840 | D:4      | Found an oddly glowing altar of Pakellas.
  5033 | D:4      | Found Una Guli's Distillery.
  5036 | D:4      | Bought a potion of flight for 42 gold pieces
  5036 | D:4      | Bought a potion of haste for 140 gold pieces
  5036 | D:4      | Bought a potion of lignification for 42 gold pieces
  5036 | D:4      | Bought a potion of curing for 42 gold pieces
  5036 | D:4      | Bought a potion of degeneration for 14 gold pieces
  5216 | D:7      | Found a glowing silver altar of Zin.
  5223 | D:7      | Found a shattered altar of Ashenzari.
  5230 | D:7      | Found a glowing golden altar of the Shining One.
  5237 | D:7      | Found an iron altar of Okawaru.
  5244 | D:7      | Found a basalt altar of Yredelemnul.
  5251 | D:7      | Found a deep blue altar of Sif Muna.
  5256 | D:7      | Found a radiant altar of Vehumet.
  5290 | D:7      | Noticed Pikel
  5307 | D:7      | Killed Pikel
  5307 | D:7      | Gained mutation: You passively map the area around you. [Deep Dwarf growth]
  5307 | D:7      | Reached XP level 9. HP: 54/85 MP: 7/7
  5432 | D:7      | Reached skill level 7 in Fighting
  5491 | D:7      | Got a dazzling war axe
  5492 | D:7      | Identified the +10 war axe of Action {chop, +Blink rC+ MR++ Int-3} (You found it on level 7 of the Dungeon)
  5633 | D:7      | Found an opulent altar of Gozag.
  5747 | D:8      | Found a sacrificial altar of Ru.
  5754 | D:8      | Reached *** piety under Makhleb
  5925 | D:8      | Found Wesiet's General Store.
  5931 | D:8      | Bought a potion of berserk rage for 55 gold pieces
  5931 | D:8      | Bought a scroll of amnesia for 38 gold pieces
  5931 | D:8      | Bought a scroll of random uselessness for 11 gold pieces
  5988 | D:8      | Reached XP level 10. HP: 96/96 MP: 8/8
  6011 | D:8      | Reached skill level 8 in Fighting
  6040 | D:8      | Noticed Joseph
  6050 | D:8      | Killed Joseph
  6076 | D:8      | Reached **** piety under Makhleb
  6137 | D:8      | Found Kaqueghe's Distillery.
  6208 | D:8      | Found a roughly hewn altar of Beogh.
  6315 | D:8      | Found Redara's Gadget Emporium.
  6327 | D:8      | Found Luciugur's Gadget Shoppe.
  6452 | D:9      | Found a shadowy altar of Dithmenos.
  6474 | D:9      | You fall through a shaft!
  6474 | D:10     | Entered Level 10 of the Dungeon
  6474 | D:10     | Noticed a hill giant
  6477 | D:10     | Killed a hill giant
  6577 | D:10     | Noticed a hill giant
  6590 | D:10     | Killed a hill giant
  6613 | D:10     | Reached ***** piety under Makhleb
  6680 | D:10     | Found a staircase to the Lair.
  6886 | D:10     | Reached skill level 9 in Fighting
  7419 | D:9      | Noticed Maurice
  7430 | D:9      | Killed Maurice
  7430 | D:9      | Reached XP level 11. HP: 101/106 MP: 9/9
  7935 | Lair:1   | Entered Level 1 of the Lair of Beasts
  7950 | Lair:1   | Reached skill level 15 in Axes
  8032 | Lair:1   | Noticed Gastronok
  8036 | Lair:1   | Noticed Erica
  8042 | Lair:1   | Killed Gastronok
  8048 | Lair:1   | Killed Erica
  8256 | Lair:1   | Reached skill level 10 in Fighting
  8548 | Lair:2   | Reached ****** piety under Makhleb
  8684 | Lair:2   | Found a frozen archway.
  8726 | IceCv    | Entered an ice cave
  8853 | IceCv    | Reached skill level 5 in Shields
  8855 | IceCv    | Reached skill level 5 in Armour
  8861 | IceCv    | Reached XP level 12. HP: 117/117 MP: 10/10
  9131 | IceCv    | Found an ancient bone altar of Kikubaaqudgha.
  9178 | IceCv    | Identified the Catalogue of Ice
  9181 | IceCv    | Identified the Tome of the Ant
  9492 | Lair:2   | Noticed a five-headed hydra
  9503 | Lair:2   | Killed an 11-headed hydra
  9503 | Lair:2   | Reached skill level 11 in Fighting
  9757 | Lair:2   | You fall through a shaft!
  9969 | Lair:3   | Noticed a seven-headed hydra
  9983 | Lair:3   | Killed a 13-headed hydra
 10200 | Lair:3   | Reached XP level 13. HP: 128/128 MP: 11/11
 10349 | Lair:3   | Reached skill level 12 in Fighting
 11591 | Lair:5   | Noticed Maud
 11599 | Lair:5   | Killed Maud
 11599 | Lair:5   | Reached skill level 10 in Shields
 11620 | Lair:5   | Found a staircase to the Shoals.
 12390 | Lair:6   | Found a hole to the Spider Nest.
 12572 | Lair:6   | Reached skill level 13 in Fighting
 13009 | Lair:7   | Gained mutation: You resist negative energy. [Deep Dwarf growth]
 13009 | Lair:7   | Reached XP level 14. HP: 141/141 MP: 12/12
 13024 | Lair:7   | Found a labyrinth entrance.
 13034 | Lab      | Entered a labyrinth
 13520 | Lab      | Got a crude steel ring
 14013 | Lair:7   | You fall through a shaft!
 14013 | Lair:8   | Entered Level 8 of the Lair of Beasts
 14724 | Lair:8   | Reached skill level 14 in Fighting
 14841 | Lair:8   | Found a staircase to the Slime Pits.
 15667 | D:11     | Noticed Cuckatoo's ghost (novice DgWz)
 15685 | D:11     | Killed Cuckatoo's ghost
 15977 | D:12     | Found a staircase to the Orcish Mines.
 16288 | D:12     | Noticed Sonja
 16329 | D:12     | Killed Sonja
 16619 | D:13     | Noticed Erolcha
 16632 | D:13     | Killed Erolcha
 16761 | D:13     | Reached XP level 15. HP: 141/152 MP: 13/13
 16791 | D:13     | Found a gate to the Vaults.
 16984 | D:13     | Reached skill level 15 in Fighting
 17332 | D:14     | Identified the ring "Oppej" {+Fly rPois rF- rN+ Int+4} (You took it off a minotaur in a labyrinth)
 17357 | D:14     | Noticed edsrzf's ghost (journeyman FoBe)
 17374 | D:14     | Killed edsrzf's ghost
 17702 | D:15     | Entered Level 15 of the Dungeon
 17799 | D:15     | Found a staircase to the Depths.
 17811 | D:15     | Reached skill level 15 in Shields
 17915 | D:15     | Noticed Nessos
 17953 | D:15     | Killed Nessos
 18135 | D:15     | Reached skill level 10 in Armour
 18562 | Orc:1    | Entered Level 1 of the Orcish Mines
 18576 | Orc:1    | Reached skill level 16 in Fighting
 18757 | Orc:1    | Found Eqaa's Weapon Shop.
 18894 | Orc:2    | Entered Level 2 of the Orcish Mines
 18909 | Orc:2    | Noticed Snorg
 18925 | Orc:2    | Killed Snorg
 19035 | Orc:2    | Noticed an orc warlord
 19061 | Orc:2    | Killed an orc warlord
 19353 | Orc:2    | Found a staircase to the Elven Halls.
 19480 | Orc:2    | Found Beklaen's Antique Weapon Boutique.
 19480 | Orc:2    | Found Wuattieb's Food Shop.
 19497 | Orc:2    | Found Eskudaabi's Food Shop.
 19500 | Orc:2    | Found Xymnad's Armour Boutique.
 19503 | Orc:2    | Bought a runed broad axe for 80 gold pieces
 19506 | Orc:2    | Bought a meat ration for 60 gold pieces
 19506 | Orc:2    | Bought a meat ration for 60 gold pieces
 19506 | Orc:2    | Bought a meat ration for 60 gold pieces
 19506 | Orc:2    | Bought a meat ration for 60 gold pieces
 19506 | Orc:2    | Bought a bread ration for 60 gold pieces
 19506 | Orc:2    | Bought a meat ration for 60 gold pieces
 19506 | Orc:2    | Bought a meat ration for 60 gold pieces
 19508 | Orc:2    | Bought a bread ration for 65 gold pieces
 19508 | Orc:2    | Bought a meat ration for 65 gold pieces
 19508 | Orc:2    | Bought a bread ration for 65 gold pieces
 19508 | Orc:2    | Bought a meat ration for 65 gold pieces
 19508 | Orc:2    | Bought a bread ration for 65 gold pieces
 19508 | Orc:2    | Bought a meat ration for 65 gold pieces
 19508 | Orc:2    | Bought a bread ration for 65 gold pieces
 19508 | Orc:2    | Bought a meat ration for 65 gold pieces
 19508 | Orc:2    | Bought a meat ration for 65 gold pieces
 19965 | Spider:1 | Entered Level 1 of the Spider Nest
 19969 | Spider:1 | Reached XP level 16. HP: 165/165 MP: 14/14
 20469 | Spider:1 | Got a transparent battleaxe
 20659 | Spider:2 | Noticed Agnes
 20667 | Spider:2 | Killed Agnes
 20824 | Spider:2 | Noticed Jorgrun
 20842 | Spider:2 | Killed Jorgrun
 21149 | Spider:3 | Reached skill level 1 in Invocations
 21597 | Spider:4 | Entered Level 4 of the Spider Nest
 21607 | Spider:4 | Reached skill level 17 in Fighting
 21689 | Spider:4 | Reached skill level 5 in Invocations
 21756 | Spider:4 | Noticed Louise
 21772 | Spider:4 | Killed Louise
 22122 | Spider:4 | Reached XP level 17. HP: 176/176 MP: 20/20
 22346 | Spider:4 | Got a gossamer rune of Zot
 22596 | Shoals:1 | Entered Level 1 of the Shoals
 23300 | Shoals:2 | Found a glowing golden altar of the Shining One.
 23779 | Shoals:3 | Noticed Donald
 23796 | Shoals:3 | Killed Donald
 23821 | Shoals:3 | Identified the +8 battleaxe of Abytut {holy, rPois} (You found it on level 1 of the Spider Nest)
 24126 | Shoals:3 | Noticed Nikola
 24144 | Shoals:3 | Killed Nikola
 24144 | Shoals:3 | Reached skill level 10 in Invocations
 24377 | Shoals:4 | Entered Level 4 of the Shoals
 24390 | Shoals:4 | Noticed Ilsuiw
 24497 | Shoals:4 | Killed Ilsuiw
 24591 | Shoals:4 | Reached skill level 18 in Fighting
 24836 | Shoals:4 | Reached skill level 15 in Armour
 25074 | Shoals:4 | Gained mutation: You passively map a large area around you. [Deep Dwarf growth]
 25074 | Shoals:4 | Reached XP level 18. HP: 175/188 MP: 24/24
 25123 | Shoals:4 | Got a barnacled rune of Zot
 25569 | Vaults:1 | Entered Level 1 of the Vaults
 25628 | Vaults:1 | Noticed Wiglaf
 25660 | Vaults:1 | Killed Wiglaf
 26697 | Vaults:2 | Found a portal to a secret trove of treasure.
 27124 | Vaults:2 | Reached skill level 19 in Fighting
 27187 | Vaults:2 | Reached XP level 19. HP: 199/199 MP: 27/27
 27749 | Vaults:3 | Reached skill level 15 in Invocations
 28104 | Vaults:3 | Found a staircase to the Crypt.
 29575 | Vaults:4 | Reached XP level 20. HP: 211/211 MP: 30/30
 29996 | Vaults:4 | Found Wobbuq's Book Emporium.
 30701 | Depths:1 | Entered Level 1 of the Depths
 30718 | Depths:1 | Reached skill level 20 in Fighting
 30886 | Depths:1 | Found a gateway to Hell.
 30890 | Depths:1 | Found Okhitul's General Store.
 30918 | Depths:1 | Bought a scroll of teleportation for 42 gold pieces
 30918 | Depths:1 | Bought a scroll of identify for 28 gold pieces
 30918 | Depths:1 | Bought a scroll of identify for 28 gold pieces
 31205 | Depths:1 | Found a glowing golden altar of the Shining One.
 31938 | Depths:2 | Noticed Shasbat's ghost (veteran SpCj)
 31979 | Depths:2 | Killed Shasbat's ghost
 32141 | Depths:2 | Reached XP level 21. HP: 220/220 MP: 32/32
 32244 | Depths:2 | Got a flickering lapis lazuli ring
 32262 | Depths:2 | Identified the cursed ring of Enkeleymi {rElec rC+ MR++ MP+9 AC-2} (You found it on level 2 of the Depths)
 32268 | Depths:2 | Gained mutation: You are surrounded by a mild repulsion field (EV +2). [potion of beneficial mutation]
 32512 | Depths:2 | Noticed edsrzf's ghost (veteran HOBe)
 32558 | Depths:2 | Killed edsrzf's ghost
 33080 | Depths:3 | Reached skill level 21 in Fighting
 33534 | Depths:3 | Noticed Mennas
 33594 | Depths:3 | Killed Mennas
 33660 | Depths:3 | Found a one-way gate leading to the halls of Pandemonium.
 33856 | Depths:3 | Reached XP level 22. HP: 190/232 MP: 34/34
 33935 | Depths:3 | Identified Cyssam's Grimoire of Flamy Attacks
 34821 | Depths:4 | Noticed a golden dragon
 34837 | Depths:4 | Killed a golden dragon
 34905 | Depths:4 | Killed from afar by a fire dragon

Vault maps used:
D:1:      mainiacjoe_arrival_reflecting_pool
D:2:      glass_columns_b, minmay_misc_feat_hallway
D:3:      old_standard_altar, overflow_temple_1_default, saegor_snake_ambush
D:4:      lemuel_doored_altar, serial_shops, kennysheep_mini
D:5:      nicolae_qazlal_eye_of_the_storm, first_bread, basic_altar
D:6:      minmay_temple_entry_glass
D:7:      grunt_gozag_statues, grunt_temple_overflow_octagram, grunt_livestock,
          uniq_pikel
D:8:      old_standard_altar, serial_shops, shop, shop, shop,
          nicolae_shop_temple_entry_statues_fountains, david_defended_altar_orc,
          uniq_joseph
D:9:      nicolae_dithmenos_shadow_blocks, minmay_orc_keep, uniq_maurice
D:10:     lair_0_dummy
D:12:     orc_0_dummy, uniq_sonja
D:13:     erik_vaults_1, uniq_erolcha
D:14:     minmay_misc_feat_more_columns
D:15:     grunt_enter_depths_magical_seal, grunt_decor_mini_mirrors, uniq_nessos
Temple:   hc_temple_tempest_star_small
Lair:1:   uniq_erica, uniq_gastronok
Lair:2:   beast_lair_carwin_large_1, portal_ice_cave_entry_ice_beasts,
          infiniplex_staircase_pool_2
Lair:3:   mu_elephants_graveyard, guppyfry_lair_drakes,
          infiniplex_staircase_pool
Lair:5:   elwin_shoals_entry_stream, uniq_maud
Lair:6:   dummy_spider_entry, beast_lair_carwin_10
Lair:7:   lab_entry_generic
Lair:8:   minmay_lair_end_enchanted_forest, slime_dummy,
          grunt_forest_large_clearings
Shoals:2: lemuel_altar_in_water2
Shoals:3: uniq_nikola, uniq_donald
Shoals:4: shoals_end_simple, shoals_ilsuiw_alternative,
          nicolae_shoals_siren_and_animal_friends
Spider:2: uniq_agnes, uniq_jorgrun
Spider:4: grunt_spider_rune_circles, spider_trap, nicolae_orb_stairs,
          uniq_louise
Orc:1:    serial_shops, shop_statue
Orc:2:    st_orc_mages, uniq_snorg
Vaults:1: v_misc_9, v_rooms_4, v_rooms_6, vaults_dpeg_ring, v_misc_5,
          ontoclasm_vaults_gateway, ontoclasm_vaults_shout, v_alt_pattern_1,
          uniq_wiglaf
Vaults:2: vaults_dpeg_diagonal, v_misc_17, v_pattern_1, v_misc_16,
          ontoclasm_vaults_claustrophobia, nicolae_vaults_hallways_thing,
          st_spiral_rooms, hangedman_vaults_impose, vaults_mumra_chevron_long,
          v_misc_18, nicolae_vaults_rhombus_5, grunt_vaults_hallway_short,
          enter_trove_5
Vaults:3: kb_rosetta, nicolae_vaults_little_squares_4, v_misc_8,
          nicolae_vaults_three_branches, v_misc_29,
          nicolae_vaults_little_squares_4, v_alt_pattern_1,
          ontoclasm_vaults_decontamination, minmay_crypt_entry_simple_round,
          nicolae_vaults_theta, vaults_room_pool,
          vaults_mumra_minichess_inversion
Vaults:4: vaults_mumra_hexcomb, hangedman_vaults_stream, v_misc_8,
          hangedman_vaults_stretched_pinwheel, v_misc_12,
          nicolae_vaults_alarming, v_misc_25, vaults_dpeg_encased_lava,
          st_quartered_hall, ontoclasm_vaults_ring_large,
          nicolae_vaults_ninety_degrees, ontoclasm_vaults_twist, v_misc_26,
          nicolae_vaults_little_squares_4, serial_shops, nicolae_shop_stone
Depths:1: abrahamwl_protected_by_tso_2, hell_entry, serial_shops, shop,
          hangedman_decor_opposing, lemuel_flamethrower_3
Depths:2: hangedman_screamer, hangedman_coc_ice_floe, grunt_megastairs_4,
          minmay_staircase_windowed_large
Depths:3: giant_chief_lemuel, pan_entry, hellmouth_1, minmay_tree_intersection,
          infiniplex_staircase_pillars_1, uniq_mennas
Depths:4: nooodl_heptagram, enter_ziggurat_f, abyss_entry, hell_entry,
          minmay_misc_feat_chi, minmay_misc_feat_rows
Lab:      labyrinth_spiral, lab_block, labyrinth_skeletal_remains
IceCv:    ice_cave_small_necro

Skill      XL: |  1  2  3  4  5  6  7  8  9 10 11 12 13 14 15 16 17 18 19 20 21 |
---------------+----------------------------------------------------------------+-----
Axes           | 3 4 5 6 7 8 11 12 14 16 | 16.0
Fighting       | 3 4 5 6 7 9 10 11 13 14 16 17 18 19 20 21 | 21.5
Shields        | 5 8 11 14 15 | 15.0
Armour         | 5 8 9 11 13 15 16 18 19 20 | 20.8
Invocations    | 7 11 14 16 18 20 | 20.9

Action                   |  1- 3 |  4- 6 |  7- 9 | 10-12 | 13-15 | 16-18 | 19-21 | 22-24 || total
-------------------------+-------+-------+-------+-------+-------+-------+-------+-------++-------
Melee: War axe           |   128 |   156 |   308 |   545 |  1317 |  1568 |  1547 |   157 ||  5726
       Kick              |       |       |    83 |   223 |   243 |       |       |       ||   549
       Headbutt          |       |       |    64 |   151 |   361 |   529 |   551 |    71 ||  1727
Invok: Greater Servant o |       |       |       |       |       |       |     3 |     1 ||     4
 Abil: Device Recharging |       |       |     2 |       |       |       |       |       ||     2
Evoke: Wand              |       |     5 |     4 |     2 |     4 |       |     2 |     1 ||    18
  Use: Potion            |       |       |     2 |     2 |     8 |       |     2 |     1 ||    15
       Scroll            |       |       |       |    20 |    16 |     8 |    11 |     1 ||    56
 Stab: Distracted        |       |       |       |       |       |       |     3 |       ||     3
  Eat: Chunk             |     2 |     5 |    10 |       |     4 |     1 |     5 |       ||    27
       Pizza             |       |       |     2 |     1 |     9 |       |     3 |       ||    15
       Royal jelly       |       |       |     1 |       |     1 |     1 |     1 |       ||     4
       Beef jerky        |       |       |       |     5 |     1 |     2 |     2 |       ||    10
       Fruit             |       |       |       |     9 |    15 |    12 |     3 |       ||    39
       Meat ration       |       |       |       |       |       |     2 |     2 |       ||     4
       Bread ration      |       |       |       |       |       |       |     2 |       ||     2
Armor: Scale mail        |    65 |    36 |       |       |       |       |       |       ||   101
       Chain mail        |       |    68 |   119 |       |       |       |       |       ||   187
       Skin              |       |       |    35 |       |    19 |       |       |       ||    54
       Plate armour      |       |       |    17 |   310 |   581 |   559 |   664 |    68 ||  2199
Dodge: Dodged            |    37 |    44 |    39 |    74 |   204 |   221 |   274 |    32 ||   925
Block: Shield            |    90 |   102 |   180 |   266 |   654 |  1504 |  1605 |   158 ||  4559
       Buckler           |       |       |       |       |   117 |    64 |       |       ||   181
       Reflection        |       |       |       |       |    12 |   119 |    86 |    19 ||   236
